 Dungeon Crawl Stone Soup version 0.29.1-2-gbd0b4ee654 (webtiles) character file.

Game seed: 7036535119636088821

2 JayTehDuck the Grasshopper (level 1, 0/8 (10) HPs)
             Began as a Spriggan Warper on Nov 15, 2022.
             Slain by a goblin
             ... wielding a +0 dagger
              (1 damage)
             ... on level 2 of the Dungeon.
             The game lasted 00:01:48 (121 turns).

JayTehDuck the Grasshopper (Spriggan Warper)         Turns: 121, Time: 00:01:48

HP:   0/8 (10)      AC:  2    Str:  7    XL:     1   Next: 25%
MP:   5/5           EV: 17    Int: 14    God:
Gold: 0             SH:  0    Dex: 14    Spells: 5/5 levels left

rFire   . . .      SeeInvis +     - Unarmed
rCold   . . .      Faith    .   (no shield)
rNeg    . . .      Spirit   .   a - +0 robe
rPois   .          Reflect  .   (helmet restricted)
rElec   .          Harm     .   (no cloak)
rCorr   .          Rampage  .   (gloves unavailable)
Will    .....                   (boots unavailable)
Stlth   +.........              (no amulet)
HPRegen 0.02/turn               (no ring)
MPRegen 0.09/turn               (no ring)

@: lethally poisoned (0 -> -14), heavily drained, very quick
A: very small, no large weapons, unfitting armour, see invisible, speed 3
a: no special abilities


You were on level 2 of the Dungeon.
You visited 1 branch of the dungeon, and saw 2 of its levels.

Inventory:

Missiles
 c - 7 boomerangs of dispersal (quivered)
Armour
 a - a +0 robe (worn)
Scrolls
 b - a scroll of blinking
 d - a scroll of enchant armour {unknown}


   Skills:
 - Level 1.5 Fighting
 - Level 1.0 Throwing
 + Level 3.2 Dodging
 + Level 0.3 Stealth
 - Level 1.5 Unarmed Combat
 + Level 2.7 Spellcasting
 + Level 4.4 Translocations


You had 5 spell levels left.
You didn't know any spells.
Your spell library contained the following spells:

 Spells                   Type           Power      Damage    Failure   Level
 Blink                    Tloc           28%        N/A       5%          2
 Gell's Gravitas          Tloc           14%        N/A       11%         3
 Lesser Beckoning         Tloc           14%        N/A       11%         3
 Teleport Other           Tloc           14%        N/A       11%         3
 Manifold Assault         Tloc           14%        N/A       69%         5


Dungeon Overview and Level Annotations

Branches:
Dungeon (2/15)

Altars:


Innate Abilities, Weirdness & Mutations

You are very small and have problems with some larger weapons.
You are too small for most types of armour.
You have supernaturally acute eyesight. (SInv)
You cover ground extremely quickly. (Speed+++)


Message History

Found a stone staircase leading up.
You hit the goblin.
The goblin is heavily wounded.
The goblin hits you with a +0 club.
You hit the goblin.
You kill the goblin!
A kobold comes into view. It is wielding a +1 dagger of draining.
Things that are here:
a +0 club; a goblin corpse You closely miss the frilled lizard.
The frilled lizard bites you. The frilled lizard closely misses you.
The kobold shouts!
You hit the frilled lizard.
You kill the frilled lizard!
The frilled lizard closely misses you.
The kobold hits you with a +1 dagger of draining.
You feel drained.
Found a scroll labelled GAMAM SOABU.
The kobold hits you with a +1 dagger of draining.
You feel drained.
Found a whip.
You see here a scroll labelled GAMAM SOABU.
d - a scroll labelled GAMAM SOABU A hobgoblin and an adder come into view.
The hobgoblin shouts!
The adder hisses angrily.
You hear an angry hiss.
A ball python comes into view.
The ball python hisses angrily.
Found a scroll labelled SICWU OMPAMA.
The frilled lizard barely misses you.
You barely miss the hobgoblin. The hobgoblin misses you. The adder bites you.
You are lethally poisoned!
The adder poisons you! The frilled lizard misses you.
The kobold completely misses you. The hobgoblin closely misses you.
* * * LOW HITPOINT WARNING * * *
You feel sick. The adder bites you.
* * * LOW HITPOINT WARNING * * *
You are more poisoned.
The adder poisons you! The goblin hits you with a +0 dagger.
You die...

........#
............
........... #
#........#.#
##........#.#
............
#........#######
#.....SS.......#
#.....@.l......#
#.....ggKg.....#
##....##.......#
#.... #.......#
#.... #.......#
#.... #.......##
#?....)........#
#....######....#
. #....#


You could see an adder, 2 hobgoblins, a goblin, a ball python, a kobold and a
frilled lizard.

Vanquished Creatures
  A goblin (D:2)
  A frilled lizard (D:2)
2 creatures vanquished.

Notes
Turn   | Place    | Note
-------+----------+-------------------------------------------
     0 | D:1      | JayTehDuck the Spriggan Warper began the quest for the Orb.
     0 | D:1      | Reached XP level 1. HP: 10/10 MP: 5/5
   121 | D:2      | Slain by a goblin

Illustrated notes

Levels and vault maps discovered:
D:1:      dpeg_arrival_pits, layout_rooms,
          shapermc_ecumenical_altar_mp_urbaneastern
D:2:      layout_basic, kennysheep_generic_room_9

Action                   || total
-------------------------++-------
Melee: Unarmed           ||     5
Dodge: Dodged            ||     7
